 Dungeon Crawl Stone Soup version 0.23.1 (webtiles) character file.

Game seed: 10082197859209088028

31 Irenicus the Slasher (level 3, 0/43 HPs)
             Began as a Merfolk Monk on Mar 11, 2019.
             Killed from afar by an orc wizard (5 damage)
             ... with a magic dart
             ... on level 3 of the Dungeon.
             The game lasted 00:05:22 (929 turns).

Irenicus the Slasher (Merfolk Monk)                  Turns: 929, Time: 00:05:23

Health: 0/43       AC: 21    Str:  9 (11) XL:     3   Next: 22%
Magic:  12/12      EV:  2    Int:  7 (9)  God:
Gold:   76         SH:  0    Dex: 15 (17) Spells: 2/2 levels left

rFire    . . .     SeeInvis .   a - +0 falchion
rCold    . . .     Gourm    .   (no shield)
rNeg     + + +     Faith    .   (armour currently unavailable)
rPois    +         Spirit   .   (helmet currently unavailable)
rElec    .         Reflect  .   (cloak currently unavailable)
rCorr    .         Harm     .   (gloves currently unavailable)
MR       .....     NoTele   +   (boots currently unavailable)
Stlth    ++........             (no amulet)
HPRegen  0.14/turn              j - ring of magical power {MP+9}
MPRegen  0.13/turn              (no ring)

@: tree-form
A: (change form in water), (swift swim), (stealthy swim)
a: no special abilities


You were on level 3 of the Dungeon.
You were not hungry.
You were a tree.
You visited 1 branch of the dungeon, and saw 3 of its levels.

You collected 76 gold pieces.

Inventory:

Hand Weapons
 a - a +0 falchion (weapon)
Armour
 m - a +1 pair of gloves (melded)
   (You found it on level 2 of the Dungeon)
 n - a +0 leather armour (melded)
   (You found it on level 2 of the Dungeon)
Jewellery
 j - a ring of magical power (left branch) {MP+9}
   (You found it on level 2 of the Dungeon)
Scrolls
 e - 2 scrolls of remove curse {unknown}
 f - 3 scrolls of teleportation {unknown}
 g - a scroll of identify {unknown}
 h - 3 scrolls of blinking {unknown}
 i - a scroll of enchant weapon {unknown}
 l - a scroll of noise {unknown}
Potions
 d - a potion of flight
Comestibles
 c - 5 rations


   Skills:
 - Level 3.2 Fighting
 + Level 4.7 Long Blades
 - Level 4.0 Dodging
 - Level 2.1 Stealth


You had 2 spell levels left.
You didn't know any spells.
Your spell library was empty.

Dungeon Overview and Level Annotations

Branches:
Dungeon (3/15)

Altars:


Message History

b - a dark potion
There is a stone staircase leading down here.
You climb downwards.
There is a stone staircase leading up here.
Search for what [? for help]? god Can't find anything matching that.
e - 2 scrolls labeled HUATEFFOG KEXI (gained 1) Search for what [Enter for "god", or ? for help]? altar Can't find anything matching that.
Found an escape hatch in the floor.
You now have 76 gold pieces (gained 3).
You open the door. 3 orcs and an orc wizard come into view.
The orc shouts! x2
Found a robe.
Found a stone staircase leading up.
The orc shouts!
There is an open door here.
You hit the orc wizard.
The orc wizard gestures at you while chanting.
You are confused.
The orc wizard barely misses you.
Found a stone staircase leading down.
You bump into the rock wall.
The orc closely misses you.
The orc wizard hits you but does no damage.
You completely miss the orc wizard. The orc hits you but does no damage.
The orc wizard hits you but does no damage.
The orc barely misses you. The orc hits you but does no damage.
The orc wizard hits you but does no damage.
There is an open door here.
You miss the orc wizard.
You feel less confused. The orc hits you.
The orc wizard hits you but does no damage.
The orc barely misses you.
You riposte.
You closely miss the orc.
You take 3 damage, and have 26/29 hp.
You hit the orc wizard. The orc hits you.
The orc wizard casts a spell.
The orc wizard flickers and vanishes!
Deactivating autopickup; reactivate with Ctrl-A.
The orc hits you with a +0 club.
You take 3 damage, and have 23/29 hp.
You hit something. The orc closely misses you.
Something hits you but does no damage. The orc barely misses you.
You riposte.
You barely miss the orc. You miss something. The orc misses you.
You hear some strange, mumbled words.
A magic dart appears from out of thin air!
The magic dart hits you. The orc closely misses you.
You take 3 damage, and have 20/29 hp.
You miss something. The orc hits you.
You hear some strange, mumbled words.
A puff of flame appears from out of thin air!
The puff of flame hits you. The orc hits you with a +0 club.
You take 9 damage, and have 11/29 hp.
MASSIVE DAMAGE!!
You miss something. The orc completely misses you.
You hear some strange, mumbled words.
A magic dart appears from out of thin air!
The magic dart hits you.
* * * LOW HITPOINT WARNING * * *
The orc hits you but does no damage.
You take 4 damage, and have 7/29 hp.
You hit the orc. The orc hits you.
* * * LOW HITPOINT WARNING * * *
You take 2 damage, and have 5/29 hp.
You hit the orc but do no damage. The orc barely misses you.
It was a potion of degeneration.
There was something very wrong with that liquid.
You feel weakened.
You feel dopey.
You feel clumsy. The orc hits you.
* * * LOW HITPOINT WARNING * * *
You take 2 damage, and have 3/29 hp.
It was a potion of flight.
You feel very buoyant.
You fly up into the air.
The orc hits you but does no damage.
It was a potion of lignification.
You turn into a tree.
Your +1 pair of gloves melds into your body.
Your +0 leather armour melds into your body.
Your roots penetrate the ground.
The orc hits you but does no damage.
You now have 6/43 hp.
You hit the orc. The orc hits you but does no damage.
You hit something but do no damage. You hit something.
Something completely misses you.
You closely miss something.
You hear some strange, mumbled words.
A magic dart appears from out of thin air!
The magic dart hits you.
* * * LOW HITPOINT WARNING * * *
You take 2 damage, and have 4/43 hp.
You hit the orc. You hit the orc. The orc hits you but does no damage.
You hit the orc.
You kill the orc!
You hit the orc. The orc hits you but does no damage.
You closely miss the orc. The orc hits you but does no damage.
You closely miss the orc. The orc hits you but does no damage.
You hit something but do no damage. You hit something but do no damage.
You hear some strange, mumbled words.
A magic dart appears from out of thin air!
The magic dart hits you.
You die...

##.......##
#.........#
+[........+
#..<......#
#.......# #.....#
#oo.# ##{## #♣#
#.# ##.## ##...##
###.....#
#.>....#######
.....#...........
####...#.########
#####.#


You could see 2 orcs.

Vanquished Creatures
  A worm (D:2)
  A dart slug (D:1)
  A leopard gecko (D:2)
  An orc (D:3)
  A bat (D:2)
  3 hobgoblins
  4 jackals (D:1)
  2 kobolds (D:1)
  A quokka (D:2)
  4 goblins (D:1)
  2 rats (D:1)
21 creatures vanquished.

Notes
Turn   | Place    | Note
-------+----------+-------------------------------------------
     0 | D:1      | Irenicus the Merfolk Monk began the quest for the Orb.
     0 | D:1      | Reached XP level 1. HP: 18/18 MP: 1/1
    17 | D:1      | HP: 3/18 [jackal (2)]
   157 | D:1      | Reached skill level 4 in Long Blades
   157 | D:1      | Reached XP level 2. HP: 12/24 MP: 2/2
   528 | D:2      | HP: 6/24 [worm (10)]
   555 | D:2      | HP: 4/24 [quokka (4)]
   626 | D:2      | Reached XP level 3. HP: 12/29 MP: 3/3
   911 | D:3      | HP: 7/29 [something/magic dart (4)]
   915 | D:3      | HP: 3/29 [orc (2)]
   921 | D:3      | HP: 4/43 [something/magic dart (2)]
   929 | D:3      | Killed from afar by an orc wizard

Skill      XL: |  1 |
---------------+----+-----
Long Blades    | 4 |  4.7
Fighting       | |  3.2
Dodging        | |  4.0
Stealth        | |  2.1

Action                   || total
-------------------------++-------
Melee: Falchion          ||    82
  Use: Potion            ||     3
 Stab: Sleeping          ||     3
Armor: Robe              ||    10
       Leather armour    ||     8
       Skin              ||     5
Dodge: Dodged            ||    43
       Rpst.: Falchion   ||    15

Levels and vault maps discovered:
D:1:      arrival_zaba_pyramid, layout_basic, st_stairs_13, nrook_mini_vaults
D:2:      layout_basic
D:3:      layout_loops_corners

Table legend:
 A = Turns spent in this place as a percentage of turns spent in the entire game.
 B = Non-inter-level travel turns spent in this place as a percentage of non-inter-level travel turns spent in the entire game.
 C = Inter-level travel turns spent in this place as a percentage of turns spent in this place.
 D = Turns resting spent in this place as a percentage of non-inter-level travel turns spent in this place.
 E = Turns spent auto-exploring this place as a percentage of non-inter-level travel turns spent in this place.
 F = Non-inter-level travel turns spent in this place divided by the number of levels of this place that you've seen.
                   A       B       C       D       E      F
               +-------+-------+-------+-------+-------+----------------------
         Total | 100.0 | 100.0 |   0.0 |   0.0 |   0.0 | 309.7
       Dungeon | 100.0 | 100.0 |   0.0 |   0.0 |   0.0 | 309.7
               +-------+-------+-------+-------+-------+----------------------

Table legend:
 A = Kills in this place as a percentage of kills in entire the game.
 B = Kills by you in this place as a percentage of kills by you in the entire game.
 C = Kills by friends in this place as a percentage of kills by friends in the entire game.
 D = Other kills in this place as a percentage of other kills in the entire game.
 E = Experience gained in this place as a percentage of experience gained in the entire game.
 F = Experience gained in this place divided by the number of levels of this place that you have seen.
                   A       B       C       D       E      F
               +-------+-------+-------+-------+-------+----------------------
         Total | 100.0 | 100.0 |   N/A |   N/A | 100.0 |  15.0
       Dungeon | 100.0 | 100.0 |   N/A |   N/A | 100.0 |  15.0
               +-------+-------+-------+-------+-------+----------------------
